 Dungeon Crawl Stone Soup version 0.27-a0-1456-gf5a1169 (webtiles) character file.

Game seed: 15466780577980033347

2 BigZZ40 the Sneak (level 1, 0/18 HPs)
             Began as a Demonspawn Delver on July 5, 2021.
             Killed by divine providence
             ... invoked by an orc priest
              (17 damage)
             ... on level 5 of the Dungeon.
             The game lasted 00:01:18 (109 turns).

BigZZ40 the Sneak (Demonspawn Delver)                Turns: 109, Time: 00:01:18

Health: 0/18       AC:  6    Str: 12    XL:     1   Next: 25%
Magic:  1/1        EV: 11    Int: 11    God:
Gold:   0          SH:  0    Dex: 14    Spells: 0/0 levels left

rFire    . . .     SeeInvis .   h - +0 falchion
rCold    . . .     Faith    .   (no shield)
rNeg     . . .     Spirit   .   b - +0 leather armour
rPois    .         Reflect  .   (no helmet)
rElec    .         Harm     .   d - +2 cloak
rCorr    .         Rampage  .   (no gloves)
Will     .....                  (no boots)
Stlth    ++........             (no amulet)
HPRegen  0.06/turn              (no ring)
MPRegen  0.07/turn              (no ring)

@: no status effects
A: no striking features
a: no special abilities


You were on level 5 of the Dungeon.
You visited 1 branch of the dungeon, and saw 1 of its levels.

Inventory:

Hand Weapons
 h - a +0 falchion (weapon)
Missiles
 a - 22 stones (quivered)
 i - 20 sling bullets
Armour
 b - a +0 leather armour (worn)
 d - a +2 cloak (worn)
Wands
 g - a wand of digging (3)
Scrolls
 c - a scroll of fog
 e - a scroll of fear
Potions
 f - a potion of haste


   Skills:
 + Level 3.0 Fighting
 + Level 1.7 Long Blades
 + Level 0.5 Throwing
 + Level 1.7 Dodging
 + Level 4.5 Stealth


You couldn't memorise any spells.
You didn't know any spells.
Your spell library was empty.

Dungeon Overview and Level Annotations

Branches:
Dungeon (5/15)
 Temple: D:4-7

Altars:


Message History

Tha orc be moderately wounded.
Throw: 26 stones
Press: ? - help, Q - select action Shift-Dir - straight line, f/p - orc
Aim: an orc, wieldin' a +0 whip (moderately wounded, 59% ta hit) Ye throw a stone.
Tha stone hits tha orc.
Tha orc be heavily wounded.
An orc priest comes inta view.
It be wieldin' a +0 trident.
Throw: 25 stones
Press: ? - help, Q - select action Shift-Dir - straight line, f/p - orc
Aim: an orc, wieldin' a +0 whip (heavily wounded, 59% ta hit) Ye throw a stone.
Tha orc priest shouts!
Tha stone hits tha orc.
Tha orc be severely wounded.
Tha orc priest looks encouraged fer a momn't.
Throw: 24 stones
Press: ? - help, Q - select action Shift-Dir - straight line, f/p - orc
Aim: an orc, wieldin' a +0 whip (severely wounded, 59% ta hit) Ye throw a stone.
Tha stone barely misses tha orc.
Tha stone barely misses tha orc wizard.
Throw: 23 stones
Press: ? - help, Q - select action Shift-Dir - straight line, f/p - orc
Aim: an orc, wieldin' a +0 whip (severely wounded, 59% ta hit) Ye throw a stone.
Tha stone hits tha orc wizard but does nay damage.
Ye completely miss tha orc wizard.
Tha orc priest looks encouraged fer a momn't.
An orc comes inta view.
It be wieldin' a +1 hand axe o' electrocution.
An orc comes inta view.
It be wieldin' a +0 hand axe.
Tha orc shouts!
Ye hit tha orc.
Ye kill tha orc!
Tha orc wizard hits ye wit' a +0 dagger.
Tha orc wizard curses loudly.
Tha orc wizard casts a spell at ye.
Tha puff o' flame misses ye.
Tha orc priest invokes tha aid o' Beogh against ye.
Beogh smites ye!
Ouch! Tha re'lly hurt!
Ye die...

############
...........##############
.#########.##...........#*
.#######........@.###*,,,#
..............###.####...#
****** .#######.#.##.#
#o)o.o(((#**,,,,, .#
***#.#.##.#*#.#.......,,,****
.#
**,,........*#.......$.,,,*
.#
*,,............#..o....,,**
.# *,.##.#.##..##.####...#***
.# *..*#.#.#...#..# *...# ***
.# *,,**,,,,,*,*..#***,..#
*,,


You could see an orc priest, an orc wizard and an orc.

Vanquished Creatures
  An orc (D:5)
1 creature vanquished.

Notes
Turn   | Place    | Note
-------+----------+-------------------------------------------
     0 | D:5      | BigZZ40 the Demonspawn Delver began the quest for the Orb.
     0 | D:5      | Reached XP level 1. HP: 18/18 MP: 1/1
    98 | D:5      | Noticed an orc wizard
   101 | D:5      | Noticed an orc priest
   109 | D:5      | Killed from afar by an orc priest

Illustrated notes

Levels and vault maps discovered:
D:5:      layout_loops_ring

Action                   || total
-------------------------++-------
Melee: Falchion          ||     2
Throw: Stone             ||     5
  Use: Scroll            ||     1
Dodge: Dodged            ||     1

Table legend: (Time is in decaauts)
 A = Elapsed time spent in this place.
 B = Non-inter-level travel time spent in this place.
 C = Inter-level travel time spent in this place.
 D = Time resting spent in this place.
 E = Time spent auto-exploring this place.
 F = Levels seen in this place.
 G = Mean time per level.
                   A        B        C        D        E       F      G
               +--------+--------+--------+--------+--------+-----+--------+
         Total |    109 |    109 |      0 |      0 |     50 |   1 |  109.0 |
       Dungeon |    109 |    109 |      0 |      0 |     50 |   1 |  109.0 |
               +--------+--------+--------+--------+--------+-----+--------+

Top non-repeatable levels by time:
     D:5: 109 daAuts
